 Dungeon Crawl Stone Soup version 0.25-a0-571-gb5e01bddfa (webtiles) character file.

Game seed: 4242576995454902457, levelgen mode: deterministic

55265 Korbacwystan the Peltast (level 14, -8/127 HPs)
             Began as a Minotaur Fighter on Feb 29, 2020.
             Mangled by a spark wasp (15 damage)
             ... on level 15 of the Dungeon.
             The game lasted 01:30:45 (12875 turns).

Korbacwystan the Peltast (Minotaur Fighter)        Turns: 12875, Time: 01:30:46

Health: -8/127     AC: 24    Str: 26    XL:     14   Next: 37%
Magic:  13/13      EV: 12    Int:  5    God:
Gold:   924        SH: 16    Dex: 13    Spells: 13/13 levels left

rFire    . . .     SeeInvis .   e - +4 hand axe (elec)
rCold    + . .     Gourm    .   c - +1 kite shield
rNeg     . . .     Faith    .   x - +3 chain mail
rPois    +         Spirit   .   (helmet unavailable)
rElec    .         Reflect  .   p - +2 cloak
rCorr    .         Harm     .   b - +2 pair of gloves {Dex+3}
MR       ++...                  a - +0 pair of boots
Stlth    ..........             k - amulet of regeneration
HPRegen  0.71/turn              g - ring of protection from cold
MPRegen  0.13/turn              j - ring of poison resistance

@: about to teleport
A: retaliatory headbutt, horns 3, blurry vision 1, magic resistance 1
a: no special abilities


You were on level 15 of the Dungeon.
You were not hungry.

You visited 5 branches of the dungeon, and saw 20 of its levels.

You collected 1026 gold pieces.
You spent 102 gold pieces at shops.

Inventory:

Hand Weapons
 e - a +4 hand axe of electrocution (weapon)
 L - a +0 vorpal war axe
Armour
 a - a +0 pair of boots (worn)
 b - a +2 pair of gloves of dexterity (worn)
 c - a +1 kite shield (worn)
 p - a +2 cloak (worn)
 x - a +3 chain mail (worn)
 y - a +1 scale mail of cold resistance
 G - a +0 plate armour
 P - +0 acid dragon scales
 T - a +2 robe of cold resistance
Jewellery
 g - a ring of protection from cold (left hand)
 j - a ring of poison resistance (right hand)
 k - an amulet of regeneration (around neck)
 m - an uncursed ring of fire
 n - an uncursed ring of flight
 J - an uncursed ring of protection from fire
 Q - an uncursed ring of positive energy {unknown}
Wands
 E - a wand of digging (8)
 F - a wand of polymorph (9)
 S - a wand of acid (11)
Scrolls
 i - 4 scrolls of fog
 o - 5 scrolls of teleportation
 q - 7 scrolls of remove curse
 s - 5 scrolls of amnesia
 u - 2 scrolls of magic mapping
 B - a scroll of fear
 C - a scroll of vulnerability
 H - a scroll of acquirement
 M - 6 scrolls of random uselessness
 O - 6 scrolls of identify
 U - a scroll of enchant weapon
Potions
 d - a potion of might
 h - a potion of stabbing {unknown}
 l - a potion of berserk rage {unknown}
 r - 3 potions of degeneration
 t - a potion of lignification
 v - 2 potions of flight
 w - 2 potions of ambrosia
 z - 2 potions of resistance
 A - a potion of mutation
 I - 3 potions of curing
 K - a potion of brilliance
 N - a potion of cancellation {unknown}
 R - a potion of invisibility {unknown}
Comestibles
 f - 4 rations


   Skills:
 + Level 12.7 Fighting
 + Level 15.7 Axes
 + Level 13.6 Armour
 + Level 6.4 Dodging
 + Level 16.1 Shields


You had 13 spell levels left.
You didn't know any spells.
Your spell library contained the following spells:

 Spells                   Type           Power        Failure   Level  Hunger
 Sandblast                Erth           #.....       91%         1    ##.....
 Summon Small Mammal      Summ           #...         91%         1    ##.....
 Call Imp                 Summ           #.......     97%         2    ###....
 Passwall                 Tmut/Erth      #.......     97%         2    ###....
 Call Canine Familiar     Summ           #.......     100%        3    ####...
 Recall                   Summ/Tloc      N/A          100%        3    ####...
 Stone Arrow              Conj/Erth      #.....       100%        3    ####...
 Summon Guardian Golem    Hex/Summ       #.......     100%        3    ####...
 Animate Dead             Necr           N/A          100%        4    #####..
 Petrify                  Tmut/Erth      #.......     100%        4    #####..
 Summon Ice Beast         Ice/Summ       #.......     100%        4    #####..
 Summon Lightning Spire   Summ/Air       #.......     100%        4    #####..
 Borgnjor's Vile Clutch   Necr/Erth      #.........   100%        5    ######.
 Lee's Rapid Deconstruct  Erth           #.........   100%        5    ######.
 Death Channel            Necr           #.........   100%        6    #######
 Simulacrum               Ice/Necr       #.........   100%        6    #######


Dungeon Overview and Level Annotations

Branches:
Dungeon (15/15)            Temple (1/1) D:7            Lair (0/6) D:11
    Orc (2/2) D:9             Elf (1/3) Orc:2        Depths (1/5) D:15
 Vaults: D:13-14

Altars:
Ashenzari
Cheibriados
Dithmenos
Elyvilon
Fedhas
Gozag
Hepliaklqana
Kikubaaqudgha
Makhleb
Nemelex Xobeh
Okawaru
Qazlal
Ru
Sif Muna
Trog
Uskayaw
Vehumet
Wu Jian
Yredelemnul
Zin
The Shining One
Beogh

Shops:
D:10 *

Annotations:
D:11 exclusion: oklob plant


Innate Abilities, Weirdness & Mutations

You reflexively headbutt those who attack you in melee.
You have a pair of large horns on your head.
Scrolls take you a little longer to read.
You are resistant to hostile enchantments. (MR+)


Message History

The spark wasp stings you but does no damage.
You block the spark wasp's attack.
You begin reading the scroll.
You continue reading the scroll.
The spark wasp stings you! The spark wasp shocks you!
* * * LOW HITPOINT WARNING * * *
You block the spark wasp's attack.
As you read the scroll of teleportation, it crumbles to dust.
You feel strangely unstable.
Quiver which item? (- for none, * to show all) (? for menu, Esc to quit)
Okay, then.
You feel much better. You block the spark wasp's attack.
The spark wasp stings you. The spark wasp shocks you!
The spark wasp stings you!!
* * * LOW HITPOINT WARNING * * *
The spark wasp shocks you!
* * * LOW HITPOINT WARNING * * *
The spark wasp stings you.
* * * LOW HITPOINT WARNING * * *
The spark wasp shocks you!
You die...

############## #######..
.............###### .........
............##.....##.........
...........##.. ...##.........
...........#..#####..#........♣.
...........#.)#.y.#..#..........
...........#..)y@.#..)).......♣.
.....(.....#..#...#..#..........
...........#..#####..#........♣.
...........##.......##..........
............##.....##.........♣.
.............#######............
...................††.........♣.
....................†...........
........<............)........♣.


You could see 2 spark wasps.

Vanquished Creatures
  Jorgrun (D:15)
  A sphinx (D:14)
  A war gargoyle (D:14)
  Nessos (D:14)
  An ettin (Orc:1)
  An ogre mage (D:15)
  Harold (D:7)
  2 hydras (D:14)
  The ghost of Killmatronix the Slinger, a journeyman OpHu of Okawaru (D:7)
  A centaur warrior (D:13)
  6 two-headed ogres
  A tengu warrior (D:14)
  2 orc high priests (Orc:2)
  3 unseen horrors
  A necromancer (D:13)
  2 deep elf magi
  A wolf spider zombie (D:13)
  3 orc knights
  3 orc sorcerers
  18 ugly things
  2 cyclopes
  3 manticores (D:14)
  2 gargoyles
  3 naga magi (D:15)
  3 rime drakes (D:14)
  An efreet (D:15)
  2 komodo dragons
  3 trolls
  4 tengu conjurers
  3 meliai (D:14)
  A hornet (D:12)
  Prince Ribbit (D:6)
  6 hippogriffs
  A centaur simulacrum (D:14)
  2 shadows
  11 wyverns
  9 yaks
  2 wraiths
  5 basilisks (D:14)
  12 vampire mosquitoes
  11 humans
  2 hungry ghosts
  2 wargs (Orc:2)
  Edmund (D:6)
  A water moccasin (D:6)
  3 acid dragons
  Duvessa (D:6)
  A hell hound (D:14)
  3 sky beasts
  An eye of draining (D:10)
  6 ice beasts
  3 phantoms
  10 orc warriors
  2 black bears
  A necrophage (D:14)
  9 ogres
  9 centaurs
  2 big kobolds
  2 wyvern zombies (D:14)
  6 bullfrogs
  Dowan (D:6)
  2 wyvern skeletons
  8 killer bees
  A water moccasin skeleton (D:6)
  6 scorpions
  9 wights
  2 howler monkeys
  An electric eel (D:14)
  10 crimson imps
  5 centaur zombies
  7 hounds
  A quasit (D:8)
  A jelly (D:8)
  8 orc priests
  8 orc wizards
  3 centaur skeletons
  Jessica (D:2)
  3 bullfrog skeletons
  7 iguanas
  8 worker ants
  2 hound zombies
  A hound skeleton (D:9)
  2 howler monkey zombies
  3 gnolls
  19 adders
  2 shadow imps
  An ooze (D:4)
  3 adder skeletons (D:4)
  2 worms
  4 dart slugs
  9 leopard geckos
  39 orcs
  2 ball pythons
  6 giant cockroaches
  10 goblins
  6 hobgoblins
  14 jackals
  14 kobolds
  5 quokkas
  11 bats
  6 frilled lizards
  A jackal skeleton (D:7)
  3 quokka skeletons
  7 rats
  6 plants
473 creatures vanquished.

Vanquished Creatures (others)
  A plant (D:14)
1 creature vanquished.

Grand Total: 474 creatures vanquished

Notes
Turn   | Place    | Note
-------+----------+-------------------------------------------
     0 | D:1      | Korbacwystan the Minotaur Fighter began the quest for the
                  | Orb.
     0 | D:1      | Reached XP level 1. HP: 19/19 MP: 0/0
   143 | D:1      | Reached XP level 2. HP: 27/27 MP: 1/1
   264 | D:1      | Reached skill level 4 in Shields
   332 | D:1      | Reached XP level 3. HP: 30/33 MP: 2/2
   642 | D:2      | Found an ancient bone altar of Kikubaaqudgha.
   644 | D:2      | Found a blossoming altar of Fedhas.
   758 | D:2      | Reached XP level 4. HP: 40/40 MP: 3/3
   937 | D:2      | Noticed Jessica
   944 | D:2      | Killed Jessica
  1036 | D:2      | Reached XP level 5. HP: 26/47 MP: 4/4
  1115 | D:3      | Reached skill level 1 in Dodging
  1211 | D:2      | Gained mutation: You have a pair of large horns on your
                  | head. [potion of mutation]
  1211 | D:2      | Gained mutation: You are resistant to hostile enchantments.
                  | (MR+) [potion of mutation]
  1320 | D:3      | You fall into a shaft and drop 3 floors!
  1328 | D:6      | Reached skill level 5 in Shields
  1356 | D:6      | Noticed Edmund
  1360 | D:6      | Killed Edmund
  1360 | D:6      | Reached skill level 5 in Axes
  1360 | D:6      | Reached XP level 6. HP: 51/53 MP: 5/5
  1366 | D:6      | Noticed Duvessa
  1366 | D:6      | Noticed Dowan
  1395 | D:6      | Killed Duvessa
  1395 | D:6      | Reached skill level 5 in Armour
  1395 | D:6      | Reached XP level 7. HP: 40/60 MP: 6/6
  1404 | D:6      | Killed Dowan
  1449 | D:5      | Entered Level 5 of the Dungeon
  1911 | D:5      | Reached skill level 5 in Fighting
  1911 | D:5      | Reached skill level 6 in Shields
  2458 | D:4      | Found a hide-covered altar of Uskayaw.
  2459 | D:4      | Noticed a +0 dagger
  2459 | D:4      | Noticed a +0 hand axe
  2547 | D:4      | Found a sparkling altar of Nemelex Xobeh.
  2606 | D:4      | Found a sacrificial altar of Ru.
  3185 | D:5      | Reached XP level 8. HP: 69/69 MP: 7/7
  3622 | D:6      | Noticed Prince Ribbit
  3628 | D:6      | Killed Prince Ribbit
  3628 | D:6      | Reached skill level 7 in Shields
  3649 | D:6      | Found a hazy altar of Hepliaklqana.
  3728 | D:6      | Found a bloodstained altar of Trog.
  3736 | D:6      | Found a basalt altar of Yredelemnul.
  3737 | D:6      | Found an iron altar of Okawaru.
  3737 | D:6      | Found a radiant altar of Vehumet.
  3737 | D:6      | Found an opulent altar of Gozag.
  3738 | D:6      | Found a white marble altar of Elyvilon.
  3750 | D:6      | Became a worshipper of Elyvilon the Healer
  3754 | D:6      | Found a shimmering blue altar of Sif Muna.
  3820 | D:6      | Fell from the grace of Elyvilon
  4040 | D:7      | Reached XP level 9. HP: 72/75 MP: 8/8
  4130 | D:7      | Found a staircase to the Ecumenical Temple.
  4137 | Temple   | Entered the Ecumenical Temple
  4569 | D:7      | Reached skill level 8 in Shields
  4728 | D:7      | Reached skill level 10 in Axes
  4945 | D:8      | Reached skill level 9 in Shields
  5118 | D:8      | Noticed Harold
  5378 | D:8      | Reached XP level 10. HP: 79/86 MP: 9/9
  5383 | D:8      | Found a runed translucent gate.
  5384 | D:8      | Noticed Killmatronix's ghost (journeyman OpHu)
  5385 | D:8      | Found a runed translucent gate.
  5386 | D:8      | Found a runed translucent gate.
  5395 | D:8      | Found a roughly hewn altar of Beogh.
  5423 | D:7      | Killed Killmatronix's ghost
  5557 | D:7      | Killed Harold
  5557 | D:7      | Reached skill level 10 in Shields
  6083 | D:9      | Found a staircase to the Orcish Mines.
  6100 | Orc:1    | Entered Level 1 of the Orcish Mines
  6340 | D:10     | Entered Level 10 of the Dungeon
  6413 | D:10     | Noticed a two-headed ogre
  6422 | D:10     | Killed a two-headed ogre
  6446 | D:10     | Found Inwuffed's Assorted Antiques.
  6455 | D:10     | Bought a scroll of identify for 68 gold pieces
  6455 | D:10     | Bought a scroll labeled PEMEXA NIPO for 34 gold pieces
  6481 | D:10     | Noticed a gargoyle
  6525 | D:10     | Killed a gargoyle
  6525 | D:10     | Reached XP level 11. HP: 83/94 MP: 8/10
  6590 | D:10     | Reached skill level 10 in Armour
  6691 | D:10     | Reached skill level 11 in Shields
  6804 | Orc:2    | Entered Level 2 of the Orcish Mines
  6957 | Orc:2    | Noticed an ettin
  6980 | Orc:2    | Noticed an orc high priest
  6988 | Orc:2    | Noticed a sun demon
  7025 | Orc:1    | Killed an ettin
  7141 | Orc:2    | Killed an orc high priest
  7147 | Orc:2    | Noticed an orc knight
  7170 | Orc:2    | Killed an orc knight
  7182 | Orc:2    | Found a staircase to the Elven Halls.
  7209 | Elf:1    | Entered Level 1 of the Elven Halls
  7459 | Orc:2    | Noticed an orc sorcerer
  7573 | Orc:1    | Killed an orc sorcerer
  7617 | Orc:2    | Noticed an orc knight
  7640 | Orc:2    | Noticed an orc high priest
  7643 | Orc:2    | Noticed a soul eater
  7681 | Orc:1    | Killed an orc knight
  7753 | Orc:2    | Noticed an orc sorcerer
  7769 | Orc:1    | Killed an orc sorcerer
  7773 | Orc:1    | Identified a scroll of acquirement
  7866 | Orc:2    | Gained mutation: Scrolls take you a little longer to read.
                  | [a neqoxec]
  7929 | Orc:2    | Killed an orc high priest
  7966 | Orc:2    | Noticed an orc knight
  7968 | Orc:2    | Noticed an orc sorcerer
  7981 | Orc:2    | Noticed a sixfirhy
  8036 | Orc:1    | Killed an orc knight
  8306 | D:11     | Reached skill level 12 in Shields
  8607 | D:11     | Found a staircase to the Lair.
  8607 | D:11     | Noticed an oklob plant
  8927 | D:11     | Reached XP level 12. HP: 105/105 MP: 11/11
  9337 | D:12     | Found a burning altar of Makhleb.
  9823 | D:13     | Noticed a centaur warrior
  9854 | D:13     | Killed a centaur warrior
  9862 | D:13     | Reached skill level 10 in Fighting
  9881 | D:13     | Reached skill level 13 in Shields
  9922 | D:13     | Reached skill level 5 in Dodging
 10810 | D:14     | Noticed a six-headed hydra
 10821 | D:14     | Killed a 12-headed hydra
 10999 | D:14     | Noticed a six-headed hydra
 11095 | D:14     | Reached XP level 13. HP: 114/114 MP: 12/12
 11118 | D:14     | Reached skill level 14 in Shields
 11751 | D:15     | Entered Level 15 of the Dungeon
 11815 | D:14     | Found a runed translucent door.
 11815 | D:14     | Noticed a war gargoyle
 11815 | D:14     | Noticed an ettin
 11823 | D:14     | Noticed a sphinx
 11825 | D:14     | Noticed a sphinx
 11825 | D:14     | Noticed a stone giant
 11831 | D:14     | Noticed a fire dragon
 11831 | D:14     | a satyr changed into a fire dragon
 11843 | D:14     | Killed a war gargoyle
 11846 | D:14     | a fire dragon changed into something unseen
 11849 | D:14     | Noticed a spark wasp
 11852 | D:14     | a spark wasp changed into a wolf spider
 11854 | D:14     | Killed a sphinx
 11854 | D:14     | Reached skill level 15 in Axes
 11854 | D:14     | Reached skill level 15 in Shields
 12017 | D:15     | Noticed Nessos
 12051 | D:14     | Killed Nessos
 12185 | D:15     | Noticed Jorgrun
 12212 | D:15     | Killed Jorgrun
 12445 | D:14     | Reached XP level 14. HP: 102/126 MP: 13/13
 12785 | D:15     | Reached skill level 16 in Shields
 12806 | D:15     | Found a staircase to the Depths.
 12836 | Depths:1 | Entered Level 1 of the Depths
 12849 | Depths:1 | Noticed a stone giant
 12875 | D:15     | Mangled by a spark wasp

Levels and vault maps discovered:
D:1:      psy_arrival_spokes, layout_loops_ring, serial_forest,
          infiniplex_forest_clump_cross, infiniplex_forest_fountain,
          infiniplex_forest_clump_small, infiniplex_forest_clump_long,
          infiniplex_forest_straight_4
D:2:      layout_basic, grunt_temple_overflow_growth_and_decay, first_ration,
          kennysheep_generic_room_10, uniq_jessica
D:3:      layout_rooms, glass_columns_c
D:4:      layout_cave_pods, dancing_weapons_uskayaw,
          lemuel_coloured_pillars_altar, nicolae_ru_path_of_blood
D:5:      layout_loops_corners
D:6:      layout_basic, minitemple, basic_altar, minmay_holes, uniq_edmund,
          uniq_duvessa, uniq_prince_ribbit1
D:7:      minmay_skewed_foursquare, layout_basic, temple_fountains
D:8:      layout_cave_pools, biasface_ghost_orc_armoury, minmay_bent,
          uniq_harold
D:9:      layout_gridville, orc_0_dummy, grunt_pizzeria
D:10:     layout_rooms, serial_glass, glass_columns_c, glass_columns_b,
          serial_shops, shop
D:11:     layout_long_grid, dpeg_oklobed_lair, kennysheep_cluttered_room,
          kennysheep_pointless_box
D:12:     layout_long_grid, basic_altar
D:13:     layout_loops_corners, grunt_vaults_entry_tiered, drop_trap
D:14:     minmay_gate_of_8, layout_basic, serial_bayou_pond_b, special_room
          [special_room_mythical_zoo]
D:15:     grunt_enter_depths_magical_seal, layout_grid_maze,
          serial_park_avenue1, uniq_nessos, uniq_jorgrun
Temple:   eino_temple_lava
Orc:1:    layout_diamond_mine, mines1_david, uniq_sonja
Orc:2:    st_orc_elflike, layout_caves, serial_shops, shop_scrolls
Elf:1:    layout_geoelf_octagon, portal_ice_cave_entry_pillars_four,
          serial_shops, shop, evilmike_minifort, kilobyte_mutagenic_chamber
Depths:1: layout_gridville, minmay_splitting_lines, pf_coc_iceberg,
          minmay_misc_feat_four_crosses, kennysheep_four_rooms

Skill      XL: |  1  2  3  4  5  6  7  8  9 10 11 12 13 14 |
---------------+-------------------------------------------+-----
Shields        | 4 5 6 7 9 10 12 13 15 16 | 16.1
Armour         | 4 5 6 7 8 9 11 12 13 | 13.6
Fighting       | 4 5 6 7 8 9 10 12 | 12.7
Axes           | 3 4 5 7 8 10 12 13 14 15 | 15.7
Dodging        | 1 2 3 4 5 6 |  6.4

Action                   |  1- 3 |  4- 6 |  7- 9 | 10-12 | 13-15 || total
-------------------------+-------+-------+-------+-------+-------++-------
Melee: War axe           |   130 |    77 |       |       |       ||   207
       Headbutt          |    24 |    18 |    50 |   166 |   120 ||   378
       Hand axe          |       |    21 |   314 |   685 |   395 ||  1415
Invok: Renounce Religion |       |       |     1 |       |       ||     1
  Use: Scroll            |     3 |     2 |    15 |     8 |     2 ||    30
       Potion            |       |     5 |     4 |       |     3 ||    12
 Stab: Confused          |       |       |       |       |     2 ||     2
  Eat: Ration            |       |     1 |     7 |     4 |     2 ||    14
       Chunk             |       |       |       |     1 |     1 ||     2
Armor: Scale mail        |    43 |    65 |    26 |       |       ||   134
       Chain mail        |       |       |    99 |   260 |   160 ||   519
Dodge: Dodged            |    37 |    48 |    88 |   125 |    92 ||   390
Block: Kite shield       |    57 |    67 |   176 |   350 |   212 ||   862

Table legend:
 A = Non-vault XP
 B = Vault XP
 C = Vault XP percentage of total XP
 D = Non-vault monster count
 E = Vault monster count
 F = Vault count percentage of total count
                 A         B        C        D         E       F
            +---------+---------+-------+---------+---------+-------
      Total |   44735 |   34215 |  43.3 |     372 |      95 |  20.3
            +---------+---------+-------+---------+---------+-------
        D:1 |      59 |       0 |   0.0 |      33 |       0 |   0.0
        D:2 |     156 |      39 |  20.0 |      28 |       2 |   6.7
        D:3 |      89 |       0 |   0.0 |      24 |       0 |   0.0
        D:4 |     158 |       0 |   0.0 |      13 |       0 |   0.0
        D:5 |     633 |       0 |   0.0 |      17 |       0 |   0.0
        D:6 |     806 |     655 |  44.8 |      17 |       4 |  19.0
        D:7 |    1162 |    2154 |  65.0 |      25 |       6 |  19.4
        D:8 |    1254 |     723 |  36.6 |      23 |      17 |  42.5
        D:9 |    1207 |     182 |  13.1 |      19 |       1 |   5.0
       D:10 |    2872 |       0 |   0.0 |      23 |       0 |   0.0
       D:11 |    2378 |       0 |   0.0 |      18 |       0 |   0.0
       D:12 |    4247 |       0 |   0.0 |      22 |       0 |   0.0
       D:13 |    5789 |    2556 |  30.6 |      20 |      11 |  35.5
       D:14 |   10426 |   13045 |  55.6 |      28 |      31 |  52.5
       D:15 |   10605 |    9956 |  48.4 |      26 |      12 |  31.6
      Orc:1 |    1302 |    2625 |  66.8 |       3 |       7 |  70.0
      Orc:2 |    1592 |    2280 |  58.9 |      33 |       4 |  10.8
            +---------+---------+-------+---------+---------+-------
